[Event "Team 45 45 League T39"]
[Site "Internet Chess Club"]
[Date "2008.11.09"]
[Round "3"]
[White "npranav"]
[Black "Bookkeeper"]
[Result "1-0"]
[WhiteElo "1633"]
[BlackElo "1640"]
[Opening "QGD Slav: 4.Nc3"]
[ECO "D15"]
[Time "16:28:33"]
[TimeControl "2700+45"]

1. d4 c6 2. c4 d5 3. Nc3 Nf6 4. Nf3 Bf5 5. Bf4 e6 6. e3 Bb4 7. a3 Bxc3+ 8. bxc3
Qa5 9. Qb3 O-O 10. Be2 Ne4 11. Rc1 Nd7 12. O-O Bg4 13. h3 Bxf3 14. Bxf3 Nd2 15.
Qxb7 Nf6 16. Rfd1 Nxf3+ 17. gxf3 dxc4 18. Be5 Nh5 19. Qxc6 Rac8 20. Qe4 Qxa3 21.
Qg4 g6 22. Kh2 Qe7 23. Rg1 Ng7 24. Qf4 Qb7 25. Qf6 {Black resigns} 1-0

[Event "Team 45 45 League T39"]
[Site "Internet Chess Club"]
[Date "2008.11.08"]
[Round "3"]
[White "RingLord"]
[Black "civilization"]
[Result "0-1"]
[WhiteElo "1602"]
[BlackElo "1603"]
[Opening "Sicilian defense"]
[ECO "B40"]
[Time "12:04:24"]
[TimeControl "2700+45"]

1. e4 c5 2. Nf3 e6 3. Bd3 d5 4. exd5 exd5 5. Bb5+ Nc6 6. d4 Nf6 7. Bg5 Be7 8.
O-O O-O 9. b3 a6 10. Be2 Bg4 11. dxc5 h6 12. Bxf6 Bxf6 13. c3 Re8 14. h3 Qe7 15.
hxg4 Qxe2 16. Re1 Qxd1 17. Rxd1 Re2 18. Nd4 Nxd4 19. cxd4 Rae8 20. Nc3 Rc2 21.
Nxd5 Ree2 22. Rf1 Bxd4 23. Ne3 Bxe3 24. fxe3 Rxg2+ {White resigns} 0-1

[Event "Team 45 45 League T39"]
[Site "Internet Chess Club"]
[Date "2008.11.08"]
[Round "3"]
[White "dkinla"]
[Black "BlunderJack"]
[Result "0-1"]
[WhiteElo "1548"]
[BlackElo "1561"]
[Opening "Sicilian: Grand Prix attack"]
[ECO "B23"]
[Time "16:10:37"]
[TimeControl "2700+45"]

1. e4 c5 2. Nc3 Nc6 3. f4 d6 4. Nf3 a6 5. Be2 e6 6. O-O Be7 7. d3 b5 8. Qe1 Nf6
9. Bd2 O-O 10. e5 Nd7 11. Qg3 f5 12. Ng5 Bxg5 13. fxg5 g6 14. exd6 Nd4 15. Bd1
Nb8 16. Bf3 Ra7 17. Rac1 Bb7 18. Be2 b4 19. Bd1 bxc3 20. Bxc3 Nb5 21. Be5 Nd7
22. Bf4 Qb6 23. Kh1 Nd4 24. b3 Qa5 25. a4 Qc3 26. Qe1 Qxe1 27. Rxe1 Bd5 28. c4
Ba8 29. Bd2 Nb8 30. Bc3 Nbc6 31. Rb1 Rb8 32. Kg1 Rd7 33. Kf2 Rxd6 34. a5 Nb4 35.
Be2 Ndc6 36. Red1 Nxa5 37. Be5 Rbd8 38. Bxd6 Rxd6 39. Kg3 Nac6 40. Kf4 e5+ 41.
Ke3 Nd4 42. g3 f4+ 43. Kf2 fxg3+ 44. hxg3 Kf7 45. Bg4 Bb7 46. Ke3 Ndc2+ 47. Kf2
Nxd3+ 48. Ke2 e4 49. Rf1+ Kg7 50. Rbd1 Nd4+ 51. Ke3 Nxb3 52. Be2 Nbc1 53. Rxc1
Nxc1 54. Rxc1 Kf7 55. Rb1 Rd7 56. Bd1 Ke6 57. Bc2 Ke5 58. Rf1 Rd4 59. Rf7 Rxc4
60. Rxb7 Rxc2 61. Rxh7 Rc3+ 62. Kf2 Kf5 63. Ra7 Ra3 64. Kg2 Kxg5 65. Rc7 Ra5 66.
Rf7 Ra2+ 67. Kh3 e3 68. Rf3 e2 69. Re3 c4 70. Kg2 a5 71. Kf2 a4 72. Rc3 Rb2 73.
Rxc4 a3 74. Ra4 a2 75. Ra3 e1=Q+ 76. Kxe1 Rb1+ 77. Kd2 a1=Q 78. Rxa1 Rxa1 {White
resigns} 0-1

[Event "Team 45 45 League T39"]
[Site "Internet Chess Club"]
[Date "2008.11.09"]
[Round "3"]
[White "werty"]
[Black "mechanicalrook"]
[Result "1-0"]
[WhiteElo "1549"]
[BlackElo "1551"]
[Opening "King's Indian: East Indian defense"]
[ECO "A48"]
[Time "15:37:49"]
[TimeControl "2700+45"]

1. d4 Nf6 2. Nf3 g6 3. e3 Bg7 4. Bd3 O-O 5. c3 d6 6. Nbd2 Nbd7 7. O-O Re8 8. Re1
Nf8 9. e4 e5 10. d5 h5 11. Nf1 N8h7 12. h3 c6 13. c4 Nd7 14. Qd2 Nc5 15. b3 Nxd3
16. Qxd3 Bd7 17. Bd2 Rc8 18. Rac1 f5 19. Qe3 fxe4 20. Qxe4 Bf5 21. Qh4 Qxh4 22.
Nxh4 cxd5 23. Nxf5 gxf5 24. cxd5 Nf6 25. Ne3 f4 26. Nf5 Bf8 27. Bb4 Ne4 28. Rxc8
{Black resigns} 1-0

[Event "Team 45 45 League T39"]
[Site "Internet Chess Club"]
[Date "2008.11.09"]
[Round "3"]
[White "Timotheous"]
[Black "cgrau"]
[Result "0-1"]
[WhiteElo "1691"]
[BlackElo "1841"]
[Opening "Réti v Dutch"]
[ECO "A04"]
[Time "19:30:14"]
[TimeControl "2700+45"]

1. Nf3 f5 2. g3 Nf6 3. Bg2 g6 4. O-O Bg7 5. d4 O-O 6. b4 Nc6 7. b5 Na5 8. Nbd2
d5 9. Bb2 Ne4 10. Rc1 a6 11. a4 axb5 12. axb5 Bd7 13. b6 cxb6 14. c4 Nxd2 15.
Nxd2 dxc4 16. Nxc4 Bc6 17. Bxc6 Nxc6 18. e3 b5 19. Nd2 Qd5 20. Qb3 Qxb3 21. Nxb3
Ra2 22. Ba1 Rfa8 23. Nc5 Nb4 24. Nxb7 Nc2 25. Bc3 b4 26. Bd2 Nxd4 27. exd4 Rxd2
28. Rb1 Bxd4 29. Rxb4 Raa2 {White resigns} 0-1

[Event "Team 45 45 League T39"]
[Site "Internet Chess Club"]
[Date "2008.11.07"]
[Round "3"]
[White "crag"]
[Black "OGO"]
[Result "0-1"]
[WhiteElo "1499"]
[BlackElo "1628"]
[Opening "Scotch game"]
[ECO "C45"]
[Time "16:28:48"]
[TimeControl "2700+45"]

1. e4 e5 2. Nf3 Nc6 3. d4 exd4 4. Nxd4 Nxd4 5. Qxd4 d6 6. Nc3 Nf6 7. Bc4 Be7 8.
O-O O-O 9. Be3 Be6 10. Bb3 c6 11. Rad1 Qc7 12. Rd2 Rad8 13. Bf4 b6 14. Qe3 Nh5
15. Bg3 h6 16. Rfd1 Nxg3 17. Qxg3 Bf6 18. Rxd6 Rxd6 19. Qxd6 Qxd6 20. Rxd6 Bxc3
21. bxc3 Bxb3 22. cxb3 c5 23. f3 Ra8 24. Kf2 Kf8 25. Ke3 Ke7 26. Rd1 Rc8 27. Kf4
Rc6 28. Rd5 Rg6 29. g3 Rf6+ 30. Rf5 Rd6 31. Rd5 Rc6 32. Ke3 g6 33. Kd3 f6 34.
Kc4 a6 35. Kd3 b5 36. b4 cxb4 37. cxb4 Rc1 38. Ke2 Rh1 39. h4 Rh2+ 40. Ke3 Rxa2
41. Rd2 Ra1 42. Kf2 Ra3 43. Ke2 Ra4 44. Rb2 Ra3 45. Rd2 Ke6 46. Rd3 Ra4 47. Rd4
Ke5 48. Ke3 Ra1 49. Rd5+ Ke6 50. Kf2 f5 51. Ke3 Ra3+ 52. Kf4 fxe4 53. Kxe4 Rxf3
54. Rxb5 axb5 55. Kxf3 Kd5 56. Ke3 Kc4 57. Ke4 Kxb4 58. Kd4 Kb3 59. Kd3 b4 60.
g4 Ka2 61. g5 hxg5 62. hxg5 b3 {White resigns} 0-1

[Event "Team 45 45 League T39"]
[Site "Internet Chess Club"]
[Date "2008.11.08"]
[Round "3"]
[White "RD1974"]
[Black "scar99"]
[Result "1-0"]
[WhiteElo "1611"]
[BlackElo "1639"]
[Opening "Scandinavian defense"]
[ECO "B01"]
[Time "11:00:26"]
[TimeControl "2700+45"]

1. e4 d5 2. exd5 Nf6 3. Bb5+ Bd7 4. Be2 Nxd5 5. d4 Bf5 6. Nf3 e6 7. a3 Be7 8.
O-O O-O 9. h3 Nc6 10. c4 Nb6 11. Be3 Bf6 12. Nc3 Qe7 13. Qd2 Na5 14. c5 Nb3 15.
Qd1 Nxa1 16. cxb6 Nc2 17. Bf4 axb6 18. Bd3 Nxd4 19. Nxd4 Bxd3 20. Qxd3 Rad8 21.
Ncb5 e5 22. Re1 Rd5 23. Qe4 c6 24. Nf5 Qd7 25. Bh6 Rxb5 26. Bxg7 Bxg7 27. Qg4 f6
28. Nh6+ Kh8 29. Qxd7 Bxh6 30. b4 Rd5 31. Qxb7 Rfd8 32. Qxc6 Rd1 33. Rxd1 Rxd1+
34. Kh2 Bg5 35. Qxb6 Kg7 36. a4 h5 37. g3 h4 38. g4 Bf4+ 39. Kg2 Rd2 40. Qb7+
Kg6 41. a5 Bg3 42. Qe4+ Kg7 43. Qe3 Bf4 44. Qa7+ Kg6 45. a6 e4 46. Qb7 e3 47.
Qe4+ Kg7 48. Qxf4 {Black resigns} 1-0

[Event "Team 45 45 League T39"]
[Site "Internet Chess Club"]
[Date "2008.11.09"]
[Round "3"]
[White "AndersO"]
[Black "Skyler"]
[Result "1-0"]
[WhiteElo "1430"]
[BlackElo "1379"]
[Opening "Caro-Kann: classical variation"]
[ECO "B18"]
[Time "16:00:14"]
[TimeControl "2700+45"]

1. e4 c6 2. d4 d5 3. Nc3 dxe4 4. Nxe4 Bf5 5. Ng3 Bg6 6. Nf3 e6 7. Bd3 Nf6 8. O-O
Be7 9. Re1 O-O 10. Bxg6 hxg6 11. c4 Nbd7 12. Bf4 Qb6 13. Qc2 Rfe8 14. Rad1 c5
15. Be3 cxd4 16. Bxd4 Bc5 17. Bxc5 Nxc5 18. Ne5 Rad8 19. b3 Rxd1 20. Rxd1 Rd8
21. Kf1 Kf8 22. Rd2 Qc7 23. Nf3 Rxd2 24. Qxd2 Qd7 25. Ke2 Ke7 26. Ne5 Qxd2+ 27.
Kxd2 Nfd7 28. Nxd7 Nxd7 29. Kc3 Kd6 30. Ne4+ Ke5 31. f3 f5 32. Nd2 b6 33. Nf1 a6
34. Ng3 Kd6 35. Kb4 Kc6 36. Ne2 e5 37. Nc3 a5+ 38. Ka4 Nc5+ 39. Ka3 Nd3 40. Nd5
Ne1 41. Ne7+ Kc5 42. Nxg6 Nxg2 43. Nxe5 Nh4 44. Nd3+ Kd4 45. Nf4 Nxf3 46. Ne6+
Ke5 47. Nxg7 Nxh2 48. Nxf5 Kxf5 49. Ka4 Ng4 50. Kb5 Nf2 51. Kxb6 Nd3 52. Kxa5
Nc1 53. b4 Nxa2 54. b5 Ke6 55. Kb6 Nc3 56. Kc6 Na4 57. b6 Nc5 58. Kxc5 Kd7 59.
Kd5 Kc8 60. Kc6 Kb8 61. b7 Ka7 62. Kc7 Ka6 63. b8=Q Ka5 64. Qb5# {Black
checkmated} 1-0

[Event "Team 45 45 League T39"]
[Site "Internet Chess Club"]
[Date "2008.11.09"]
[Round "3"]
[White "LOTRELF"]
[Black "Ghashgork"]
[Result "1/2-1/2"]
[WhiteElo "1673"]
[BlackElo "1690"]
[Opening "English: Anglo-Dutch defense"]
[ECO "A10"]
[Time "16:00:57"]
[TimeControl "2700+45"]

1. c4 f5 2. Nc3 Nf6 3. Nf3 g6 4. d4 Bg7 5. Bf4 d6 6. e3 O-O 7. Bd3 h6 8. Qc2 Nh5
9. Bg3 Nc6 10. a3 e5 11. Be2 Nxg3 12. hxg3 exd4 13. exd4 Nxd4 14. Nxd4 Bxd4 15.
Rxh6 Bxc3+ 16. Qxc3 Qf6 17. Qxf6 Rxf6 18. O-O-O Kf8 19. Rdh1 Ke7 20. Rh7+ Rf7
21. Rxf7+ Kxf7 22. Rh7+ Ke6 23. Rxc7 Rb8 24. Bf3 g5 25. Kc2 a6 26. Bd5+ Ke5 27.
Kd3 b6 28. Rf7 f4 29. gxf4+ gxf4 30. Re7+ Kf6 31. Re8 Bf5+ 32. Re4 Bxe4+ 33.
Bxe4 Ke5 34. Bf3 b5 {Game drawn by mutual agreement} 1/2-1/2

[Event "Team 45 45 League T39"]
[Site "Internet Chess Club"]
[Date "2008.11.09"]
[Round "3"]
[White "knight2f3"]
[Black "Crush1000"]
[Result "1-0"]
[WhiteElo "1538"]
[BlackElo "1330"]
[Opening "Queen's pawn game, Krause variation"]
[ECO "D02"]
[Time "13:59:57"]
[TimeControl "2700+45"]

1. d4 d5 2. Nf3 c5 3. c4 dxc4 4. Qa4+ Nc6 5. dxc5 Qa5+ 6. Qxa5 Nxa5 7. Bd2 Nc6
8. e3 e6 9. Nd4 Bxc5 10. Nxc6 bxc6 11. Bxc4 Rb8 12. b3 Nf6 13. Nc3 Bb4 14. Na4
Bxd2+ 15. Kxd2 O-O 16. Rhd1 Rd8+ 17. Ke1 Rxd1+ 18. Rxd1 Bd7 19. Nc5 Rd8 20. Rd6
Kh8 21. Nxd7 Rxd7 22. Rxc6 h6 23. Ke2 g6 24. f3 Nd5 25. Bxd5 exd5 26. Kd3 Kg7
27. Kd4 Re7 28. Rc5 {Black resigns} 1-0

[Event "Team 45 45 League T39"]
[Site "Internet Chess Club"]
[Date "2008.11.08"]
[Round "3"]
[White "mightynite"]
[Black "Mutaant"]
[Result "0-1"]
[WhiteElo "1424"]
[BlackElo "1505"]
[Opening "English opening"]
[ECO "A21"]
[Time "22:00:05"]
[TimeControl "2700+45"]

1. c4 e5 2. Nc3 Bc5 3. Nf3 Nc6 4. g3 d6 5. Bg2 Be6 6. d3 h6 7. O-O Qf6 8. Ne4
Qg6 9. Nxc5 dxc5 10. Qa4 Bd7 11. Qb5 b6 12. Qb3 O-O-O 13. Bd2 e4 14. dxe4 Qxe4
15. Be3 Na5 16. Qd3 Qxc4 17. Qd2 Bb5 18. Qc1 Qxc1 19. Raxc1 Bxe2 20. Rfe1 Bd3
21. Ne5 Bg6 22. a3 Ne7 23. b4 cxb4 24. axb4 Nb7 25. Rc3 Nd5 26. Bh3+ Kb8 27.
Nc6+ Ka8 28. Ra3 a5 29. bxa5 Nxa5 30. Nxa5 bxa5 31. Rxa5+ Kb7 32. Rb5+ Kc6 33.
Rc5+ Kb7 34. Rb5+ Nb6 35. Bg2+ Kc8 36. Bxb6 cxb6 37. Rxb6 Kc7 38. Rc6+ Kd7 39.
Rd1+ Ke7 40. Rc7+ Kf6 41. Re1 Rhe8 42. Rc6+ Re6 43. Rexe6+ fxe6 44. Bh3 Rd1+ 45.
Kg2 Be4+ {White resigns} 0-1

[Event "Team 45 45 League T39"]
[Site "Internet Chess Club"]
[Date "2008.11.07"]
[Round "3"]
[White "Juan73"]
[Black "DrewA"]
[Result "0-1"]
[WhiteElo "1640"]
[BlackElo "1758"]
[Opening "Four knights: Italian variation"]
[ECO "C28"]
[Time "20:06:31"]
[TimeControl "2700+45"]

1. e4 e5 2. Nc3 Nc6 3. Bc4 Nf6 4. Nf3 Nxe4 5. Bxf7+ Kxf7 6. Nxe4 d5 7. Neg5+ Ke8
8. d3 h6 9. Nh3 Bxh3 10. gxh3 Bc5 11. Qe2 Qf6 12. Be3 Bxe3 13. Qxe3 Kd7 14. Rf1
Rae8 15. Nd2 Kc8 16. Qf3 Qxf3 17. Nxf3 e4 18. dxe4 Rxe4+ 19. Kd2 Nd4 20. Nxd4
Rxd4+ 21. Kc3 Rh4 22. f3 Rxh3 23. Rf2 Rf8 24. Raf1 g5 25. Kd4 c6 26. Ke5 Kd7 27.
b3 Ke7 28. Kd4 Rf4+ 29. Kc5 Kd7 30. c4 dxc4 31. bxc4 b6+ 32. Kb4 c5+ 33. Kb5 Kc7
34. Re1 Rhxf3 35. Rfe2 Rf7 36. Re6 Kd7 37. Rxh6 Rf2 38. Rd1+ Kc7 39. a4 Kb7 40.
a5 Rb2+ 41. Ka4 Ra2+ 42. Kb3 Rxa5 43. Rg1 Rf3+ 44. Kb2 Ra4 45. Rxg5 Rxc4 46. h4
Rh3 47. h5 Rf4 48. Rg2 Rf5 49. Rh7+ Ka6 50. h6 Rf6 51. Kc1 Rh1+ 52. Kc2 Rfxh6
53. Rhg7 R1h2 54. Kb3 R6h3+ 55. Kc4 Rxg2 56. Rxg2 Rh4+ 57. Kb3 b5 58. Ra2+ Kb6
59. Rd2 Rh3+ 60. Kb2 b4 61. Rd6+ Kb5 62. Rd8 a5 63. Rb8+ Ka4 64. Rb7 c4 65. Rc7
c3+ 66. Kc1 b3 67. Rc4+ Kb5 68. Rb4+ Kxb4 {White resigns} 0-1

[Event "Team 45 45 League T39"]
[Site "Internet Chess Club"]
[Date "2008.11.09"]
[Round "3"]
[White "UglyJames"]
[Black "pedrin"]
[Result "0-1"]
[WhiteElo "1260"]
[BlackElo "1591"]
[Opening "Two knights defense"]
[ECO "C57"]
[Time "14:01:05"]
[TimeControl "2700+45"]

1. e4 e5 2. Nf3 Nc6 3. Bc4 Nf6 4. Ng5 d5 5. exd5 Nxd5 6. Qf3 Qxg5 7. Bxd5 Qg6 8.
O-O Nd4 9. Qe4 Qxe4 10. Bxe4 Bc5 11. Re1 O-O 12. c3 Ne6 13. b4 Bb6 14. a4 a5 15.
Ba3 axb4 16. Bxb4 Rd8 17. c4 Nd4 18. a5 Ba7 19. g3 f5 20. Bd5+ Rxd5 21. cxd5 Nc2
22. Nc3 Nxb4 23. Rxe5 Bd7 24. Re7 Rd8 25. Ra4 Bxa4 26. Nxa4 Rxd5 27. Rxc7 Rxd2
28. Rxb7 Bxf2+ 29. Kf1 Nc2 30. a6 Ne3# {White checkmated} 0-1

[Event "Team 45 45 League T39"]
[Site "Internet Chess Club"]
[Date "2008.11.09"]
[Round "3"]
[White "Kravier"]
[Black "Maxfield"]
[Result "1-0"]
[WhiteElo "1525"]
[BlackElo "1151"]
[Opening "Queen's pawn game, Chigorin variation"]
[ECO "A04"]
[Time "22:12:38"]
[TimeControl "2700+45"]

1. Nf3 Nc6 2. d4 d5 3. Bf4 Bf5 4. e3 Nf6 5. Bb5 e6 6. O-O Be7 7. c4 a6 8. Bxc6+
bxc6 9. c5 Ne4 10. Qa4 O-O 11. Qxc6 f6 12. Qxc7 Qe8 13. Nc3 e5 14. Nxd5 Rf7 15.
Nxe7+ Rxe7 16. Qa5 exf4 17. exf4 Qg6 18. Nh4 Qg4 19. Nxf5 Qxf5 20. f3 Qxf4 21.
fxe4 Qxe4 22. Qc3 Rc7 23. Rfe1 Qd5 24. b4 f5 25. Re5 Qf7 26. d5 Re7 27. Rae1
Rxe5 28. Qxe5 Rd8 29. Qe6 Qxe6 30. Rxe6 Rxd5 31. Rxa6 Rd1+ 32. Kf2 Rd2+ 33. Kf3
Rb2 34. a3 g5 35. c6 Rb3+ 36. Kf2 Rb2+ 37. Ke3 Rc2 38. b5 Rxg2 39. c7 f4+ 40.
Kf3 Rxh2 41. c8=Q+ Kg7 42. Qc7+ Kf8 43. Ra8# {Black checkmated} 1-0

[Event "Team 45 45 League T39"]
[Site "Internet Chess Club"]
[Date "2008.11.08"]
[Round "3"]
[White "Slartibartfast"]
[Black "slipkid"]
[Result "1-0"]
[WhiteElo "1621"]
[BlackElo "1585"]
[Opening "Benko's opening"]
[ECO "A00"]
[Time "11:56:54"]
[TimeControl "2700+45"]

1. g3 e5 2. Bg2 Nc6 3. d3 d5 4. Nd2 Nf6 5. e4 Be6 6. exd5 Bxd5 7. Ngf3 Bc5 8.
O-O O-O 9. c3 Re8 10. b4 Bb6 11. Bb2 Be6 12. b5 Na5 13. Nxe5 Bd5 14. c4 Bxg2 15.
Kxg2 Bd4 16. Bxd4 Qxd4 17. Ndf3 Rxe5 18. Nxd4 {Black resigns} 1-0

[Event "Team 45 45 League T39"]
[Site "Internet Chess Club"]
[Date "2008.11.09"]
[Round "3"]
[White "Fogbound"]
[Black "GadsHill"]
[Result "0-1"]
[WhiteElo "1287"]
[BlackElo "1522"]
[Opening "Queen's pawn game"]
[ECO "D02"]
[Time "15:00:18"]
[TimeControl "2700+45"]

1. d4 d5 2. Nf3 e6 3. Bf4 Bd6 4. Bg3 Nf6 5. e3 Nbd7 6. Bd3 Bxg3 7. hxg3 c5 8. c3
Qc7 9. Nbd2 h6 10. O-O e5 11. dxe5 Nxe5 12. Nxe5 Qxe5 13. Nf3 Qd6 14. Bb5+ Bd7
15. Bxd7+ Nxd7 16. e4 O-O 17. Re1 Rfe8 18. Qxd5 Qxd5 19. exd5 Nb6 20. Rad1 Rxe1+
21. Nxe1 Rd8 22. d6 Nc4 23. d7 Nxb2 24. Rd5 b6 25. Nf3 Nc4 26. Kf1 Kf8 27. Ke2
Ke7 28. Kd3 b5 29. Ke4 Nd6+ 30. Ke3 Rxd7 31. Ke2 Rc7 32. Ne1 Ke6 33. Rh5 Ne4 34.
Nd3 Nxc3+ 35. Kf1 c4 36. Nc5+ Kd6 37. Na6 Re7 38. Rh4 Nxa2 39. Rd4+ Kc6 40. Nb8+
Kb6 41. Rd6+ Kc7 42. Rd2 Kxb8 43. Rxa2 Rc7 44. Ke2 b4 45. Ra4 b3 46. Rb4+ Ka8
47. Ke3 a5 48. Rb5 a4 49. Ra5+ Ra7 50. Rc5 b2 51. Rxc4 b1=Q 52. Rc8+ Kb7 {White
resigns} 0-1

[Event "Team 45 45 League T39"]
[Site "Internet Chess Club"]
[Date "2008.11.09"]
[Round "3"]
[White "musk6868"]
[Black "toadwarble"]
[Result "1-0"]
[WhiteElo "1587"]
[BlackElo "1217"]
[Opening "Sicilian: dragon variation"]
[ECO "B70"]
[Time "13:06:31"]
[TimeControl "2700+45"]

1. e4 c5 2. Nf3 d6 3. d4 cxd4 4. Nxd4 Nf6 5. Nc3 g6 6. Be2 Bg7 7. O-O O-O 8. Bg5
Nc6 9. Nb3 Bd7 10. Kh1 Rc8 11. f4 Re8 12. Nd2 Qb6 13. Rb1 Rc7 14. Bc4 Be6 15.
Bb3 Bxb3 16. cxb3 h5 17. Bxf6 Bxf6 18. Nd5 Qa5 19. Nc4 {Black resigns} 1-0

[Event "Team 45 45 League T39"]
[Site "Internet Chess Club"]
[Date "2008.11.11"]
[Round "3"]
[White "Pinatsso"]
[Black "VNKN"]
[Result "0-1"]
[WhiteElo "2118"]
[BlackElo "2109"]
[Opening "Sicilian: Smith-Morra gambit"]
[ECO "B21"]
[Time "13:02:08"]
[TimeControl "2700+45"]

1. e4 c5 2. d4 cxd4 3. c3 dxc3 4. Nxc3 Nc6 5. Nf3 e6 6. Bd3 d6 7. Be3 Nf6 8. Rc1
Be7 9. O-O O-O 10. h3 d5 11. exd5 exd5 12. a3 Kh8 13. Re1 Be6 14. Nb5 Ne4 15.
Nfd4 a6 16. Nxc6 bxc6 17. Nd4 Qe8 18. Bxe4 dxe4 19. Nxe6 fxe6 20. Qg4 Bf6 21.
Re2 Rb8 22. b4 Qd7 23. Rd2 Qb7 24. Qxe4 e5 25. Qxc6 Rfc8 26. Rdc2 Rxc6 27. Rxc6
h6 28. Rc7 Qb5 29. R1c6 Qd3 30. Bxh6 Qxa3 31. Bd2 Qd3 32. Bc3 Qb5 33. Rc5 Qd3
34. Ra7 Rd8 35. Bxe5 Bxe5 36. Rxe5 Qd1+ 37. Kh2 Qd4 {White resigns} 0-1

[Event "Team 45 45 League T39"]
[Site "Internet Chess Club"]
[Date "2008.11.10"]
[Round "3"]
[White "kangaroo"]
[Black "BigBadPawn"]
[Result "0-1"]
[WhiteElo "1896"]
[BlackElo "1976"]
[Opening "Sicilian: Najdorf, 7.f4"]
[ECO "B96"]
[Time "10:00:05"]
[TimeControl "2700+45"]

1. e4 c5 2. Nf3 d6 3. d4 cxd4 4. Nxd4 Nf6 5. Nc3 a6 6. Bg5 e6 7. f4 Nbd7 8. Qf3
Qc7 9. g4 h6 10. Bxf6 Nxf6 11. g5 hxg5 12. fxg5 Nd7 13. g6 Ne5 14. gxf7+ Qxf7
15. Qe3 Ng4 16. Qe2 Qf4 17. Nf3 Be7 18. Bg2 Ne3 19. Nd1 Nxg2+ 20. Qxg2 Qxe4+ 21.
Kd2 O-O 22. Rf1 Qf4+ 23. Ne3 d5 24. c3 Bd7 25. Rae1 Bb5 26. Rg1 Rf7 27. Nd4 Bh4
28. Rd1 Bf2 29. Rde1 Bxg1 30. Rxg1 Qf2+ 31. Qxf2 Rxf2+ 32. Kc1 Bd7 33. h4 e5 34.
Ndc2 Ba4 35. b3 Bc6 36. Rg5 d4 37. cxd4 exd4 38. Nxd4 Rc8 39. Nef5 Be4+ 40. Kd1
Bxf5 41. Nxf5 Rcc2 42. Ke1 Rce2+ 43. Kd1 Rxa2 44. Ke1 Rh2 45. Ne3 Rae2+ 46. Kf1
Rxe3 47. h5 Rxb3 48. Kg1 Ra2 49. Kh1 Rb1+ 50. Rg1 Rxg1+ 51. Kxg1 Rc2 52. h6 b5
53. hxg7 Kxg7 54. Kf1 b4 55. Ke1 b3 56. Kd1 a5 57. Ke1 a4 58. Kd1 a3 59. Ke1 a2
60. Kd1 a1=Q# {White checkmated} 0-1

[Event "Team 45 45 League T39"]
[Site "Internet Chess Club"]
[Date "2008.11.09"]
[Round "3"]
[White "HocusPocus"]
[Black "gok"]
[Result "1-0"]
[WhiteElo "2019"]
[BlackElo "1559"]
[Opening "Ruy Lopez: closed defense"]
[ECO "C84"]
[Time "06:01:24"]
[TimeControl "2700+45"]

1. e4 e5 2. Nf3 Nc6 3. Bb5 a6 4. Ba4 Nf6 5. O-O Be7 6. c3 b5 7. Bc2 d6 8. h3 O-O
9. d4 Bb7 10. Re1 Re8 11. Nbd2 Qd7 12. Nf1 Bf8 13. Bg5 Be7 14. Ng3 h6 15. Be3
Bf8 16. a3 Na7 17. Qd2 Nc8 18. Rad1 Qe7 19. Nf5 Qe6 20. d5 Qd7 21. N3h4 Ne7 22.
g4 Ng6 23. f3 Nh7 24. Kh2 Nxh4 25. Nxh4 Be7 26. Ng2 Ng5 27. Rf1 Bf6 28. Kg3 Qe7
29. Rh1 g6 30. h4 Nh7 31. Bxh6 Bg7 32. Bg5 f6 33. Be3 Kf7 34. b3 Rg8 35. h5 g5
36. c4 Qd7 37. Rb1 c6 38. dxc6 Qxc6 39. Qd5+ Ke7 40. Bf2 Rac8 41. Qxc6 Rxc6 42.
Bd3 bxc4 43. Bxc4 Rgc8 44. Ne3 Nf8 45. Nf5+ {Black resigns} 1-0

[Event "Team 45 45 League T39"]
[Site "Internet Chess Club"]
[Date "2008.11.06"]
[Round "3"]
[White "bbentrup"]
[Black "pestka"]
[Result "0-1"]
[WhiteElo "2165"]
[BlackElo "2212"]
[Opening "Sicilian: closed"]
[ECO "B24"]
[Time "15:03:13"]
[TimeControl "2700+45"]

1. e4 c5 2. Nc3 Nc6 3. g3 g6 4. Bg2 Bg7 5. d3 e6 6. Be3 d6 7. Qd2 Nge7 8. Bh6
O-O 9. h4 Bxh6 10. Qxh6 Kh8 11. Nf3 Ng8 12. Qe3 h6 13. O-O-O e5 14. Kb1 Kg7 15.
Nd5 Nce7 16. c3 Be6 17. d4 exd4 18. cxd4 Nxd5 19. exd5 Bf5+ 20. Ka1 c4 21. Qf4
Qf6 22. Rc1 Bd3 23. Qg4 Rfe8 24. Rhe1 Ne7 25. Qd7 b6 26. Nh2 Rad8 27. Qxa7 Ra8
28. Qb7 Reb8 29. Qxa8 Rxa8 30. Ng4 Qxd4 31. Rxe7 Qxg4 {White resigns} 0-1

[Event "Team 45 45 League T39"]
[Site "Internet Chess Club"]
[Date "2008.11.07"]
[Round "3"]
[White "eurander"]
[Black "chess92192"]
[Result "1-0"]
[WhiteElo "2248"]
[BlackElo "1846"]
[Opening "Queen's pawn game"]
[ECO "A46"]
[Time "17:00:06"]
[TimeControl "2700+45"]

1. d4 Nf6 2. Nf3 e6 3. c3 d5 4. Bg5 Be7 5. Nbd2 Nbd7 6. e3 b6 7. Bd3 c5 8. O-O
O-O 9. Ne5 Bb7 10. f4 Ne4 11. Bxe7 Qxe7 12. Nxe4 dxe4 13. Bb5 Nf6 14. Qe2 Rfd8
15. Rad1 a6 16. Ba4 b5 17. Bc2 Bd5 18. Bb3 Bxb3 19. axb3 Qc7 20. f5 exf5 21.
Rxf5 cxd4 22. exd4 Rac8 23. Rdf1 Rd6 24. Ng4 Nxg4 25. Qxg4 Re8 26. Qf4 Rd7 27.
Re1 Qxf4 28. Rxf4 Rde7 29. Kf2 e3+ 30. Ke2 g6 31. Kd3 f5 32. Rf3 Kf7 33. Rfxe3
Rxe3+ 34. Rxe3 Rb8 35. d5 a5 36. Kd4 a4 37. b4 Rc8 38. d6 f4 39. Re7+ Kf6 40.
Kd5 a3 41. bxa3 Rxc3 42. Re8 Kf7 43. d7 Rd3+ 44. Kc6 {Black resigns} 1-0

[Event "Team 45 45 League T39"]
[Site "Internet Chess Club"]
[Date "2008.11.07"]
[Round "3"]
[White "John3v16"]
[Black "VanillaQueen"]
[Result "0-1"]
[WhiteElo "1714"]
[BlackElo "1891"]
[Opening "QGD: Chigorin defense"]
[ECO "D07"]
[Time "22:56:54"]
[TimeControl "2700+45"]

1. d4 d5 2. c4 Nc6 3. cxd5 Qxd5 4. Nf3 e5 5. Nc3 Bb4 6. Bd2 Bxc3 7. Bxc3 e4 8.
Ne5 e3 9. fxe3 Nxe5 10. dxe5 Be6 11. Qa4+ Bd7 12. Qd4 Ne7 13. O-O-O Bc6 14. e6
f6 15. Qg4 Qxa2 16. Rd4 Qa1+ 17. Kd2 O-O 18. e4 Rad8 19. Rxd8 Rxd8+ 20. Ke3 Ng6
21. e7 Qc1+ 22. Kf2 Re8 23. Bxf6 gxf6 24. h4 Qf4+ 25. Qxf4 Nxf4 26. e3 Ng6 27.
Bc4+ Kg7 28. Rh3 h5 29. Be2 Kh6 30. Rf3 Bxe4 31. Rxf6 Kg7 32. Re6 Bf5 {White
resigns} 0-1

[Event "Team 45 45 League T39"]
[Site "Internet Chess Club"]
[Date "2008.11.11"]
[Round "3"]
[White "crankn8tr"]
[Black "LAJ"]
[Result "0-1"]
[WhiteElo "1580"]
[BlackElo "1789"]
[Opening "Caro-Kann: Panov-Botvinnik attack"]
[ECO "B13"]
[Time "10:00:10"]
[TimeControl "2700+45"]

1. e4 c6 2. d4 d5 3. exd5 cxd5 4. c4 Nf6 5. Nf3 Nc6 6. Nc3 Bg4 7. Be2 e6 8. O-O
Be7 9. cxd5 exd5 10. h3 Bh5 11. Re1 O-O 12. Bg5 Re8 13. Ne5 Bxe2 14. Rxe2 Ne4
15. Bxe7 Nxc3 16. bxc3 Nxe7 17. Qd2 Nc6 18. Rae1 Nxe5 19. Rxe5 Rxe5 20. Rxe5 f6
21. Re1 Rc8 22. Qe3 Kf8 23. Rb1 b6 24. Kf1 Qc7 25. Re1 Qd7 26. Qc1 Rc4 27. Qa3+
Kf7 28. Qb2 Qc8 29. Re3 Qc7 30. g3 Qc8 31. Kg2 Qd7 32. Qc2 g6 33. Qb2 Qc7 34.
Qb5 Qc6 35. Qxc6 Rxc6 36. Kf1 b5 37. Ke1 h6 38. Kd2 Ra6 {White resigns} 0-1

[Event "Team 45 45 League T39"]
[Site "Internet Chess Club"]
[Date "2008.11.08"]
[Round "3"]
[White "pedrin"]
[Black "czek"]
[Result "0-1"]
[WhiteElo "1587"]
[BlackElo "1886"]
[Opening "Scandinavian defense"]
[ECO "B01"]
[Time "10:05:16"]
[TimeControl "2700+45"]

1. e4 d5 2. exd5 Nf6 3. Bb5+ Nbd7 4. Nc3 a6 5. Be2 b5 6. Nf3 Bb7 7. O-O Nb6 8.
d4 b4 9. Nb1 Nfxd5 10. c3 bxc3 11. Nxc3 e6 12. Nxd5 Qxd5 13. Qc2 Bd6 14. Be3 O-O
15. Rfc1 Rfd8 16. Qd2 f6 17. Bf4 c5 18. Bxd6 Qxd6 19. Rd1 c4 20. Rac1 Rac8 21.
h3 Rd7 22. Qa5 Rdc7 23. b3 c3 24. Kf1 c2 25. Rd2 Be4 26. Ne1 Rc6 27. Bxa6 Ra8
28. f3 Bg6 29. Qb5 Nd5 30. Bb7 Rb6 31. Qxd5 exd5 32. Bxa8 Rb8 33. Nxc2 Rxa8 34.
Ne3 Re8 35. Kf2 f5 36. Re1 f4 37. Nd1 Rxe1 38. Kxe1 Qb4 39. Ke2 Bb1 40. Rb2 Bf5
41. Rd2 Qe7+ 42. Kf1 Bc8 43. Kf2 Qh4+ 44. Ke2 Ba6+ 45. Rd3 {White resigns} 0-1